 Dungeon Crawl Stone Soup version 0.30-a0-393-g54b8e3be05 (webtiles) character file.

Game seed: 18438176505652722539

28920 p00ps00p the Cleaver (level 13, -1/110 HPs)
             Began as a Hill Orc Fighter on Dec 5, 2022.
             Was an Initiate of Gozag.
             Killed from afar by a raiju (14 damage)
             ... with a living lightning
             ... on level 2 of the Abyss.
             The game lasted 00:30:35 (14253 turns).

p00ps00p the Cleaver (Hill Orc Fighter)            Turns: 14253, Time: 00:30:37

Health: -1/110     AC: 32    Str: 27    XL:     13   Next: 41%
Magic:  22/22      EV:  5    Int:  6    God:    Gozag
Gold:   718        SH: 12    Dex: 12    Spells: 12/12 levels left

rFire   + + +      SeeInvis .    n - +5 broad axe (vamp)
rCold   . . .      Faith    .    e - +0 kite shield
rNeg    . . .      Spirit   .    w - +3 crystal plate armour
rPois   .          Reflect  .    s - +2 helmet "Qaplug" {-Cast rF+ Stlth+}
rElec   .          Harm     .    (no cloak)
rCorr   .          Rampage  .    J - +1 pair of gloves of the Doomed God {rF+ Regen+ MP+9}
Will    .....      Rage     3%   g - +0 pair of boots
Stlth   .......... NoCast   +    (no amulet)
HPRegen 1.18/turn                G - ring "Wirghy" {rF++ Str+3 Dex+6}
MPRegen 0.18/turn                (no ring)

@: on berserk cooldown
A: [berserk 1], [clumsy 2], [deterioration 1], [dopey 1], [frail 1]
a: Renounce Religion, Potion Petition, Call Merchant, Bribe Branch


You were on level 2 of the Abyss.
You worshipped Gozag.
Gozag was pleased with you.
You visited 3 branches of the dungeon, and saw 15 of its levels.
You visited the Abyss 1 time.
You also visited: Bailey and Gauntlet.

You collected 2382 gold pieces.
You spent 875 gold pieces at shops.
You paid 789 gold pieces to Gozag.

Inventory:

Hand Weapons
 n - a +5 vampiric broad axe (weapon)
 K - a +5 hand axe of flaming
Armour
 e - a +0 kite shield (worn)
 g - a +0 pair of boots (worn)
 s - the +2 helmet "Qaplug" (worn) {-Cast rF+ Stlth+}
   (You found it in a bailey)

   rF:        It protects you from fire.
   -Cast:     It prevents spellcasting.
   Stlth:     It makes you more stealthy.
 w - a +3 crystal plate armour (worn)
 J - the +1 pair of gloves of the Doomed God (worn) {rF+ Regen+ MP+9}
   (You found it in a Gauntlet)

   rF:        It protects you from fire.
   MP:        It affects your magic capacity (+9).
   Regen:     It increases your rate of health regeneration.
 N - a +1 pair of gloves of infusion
Jewellery
 c - a +6 ring of intelligence
 G - the ring "Wirghy" (left hand) {rF++ Str+3 Dex+6}
   (You found it in a Gauntlet)

   [ring of dexterity]

   Str:       It affects your strength (+3).
   Dex:       It affects your dexterity (+6).
   rF:        It greatly protects you from fire.
Wands
 l - a wand of paralysis (9)
 y - a wand of roots (6)
 L - a wand of flame (3)
Scrolls
 o - 4 scrolls of teleportation
 q - a scroll of magic mapping
 t - 2 scrolls of fog
 A - a scroll of silence
 C - a scroll of amnesia
 D - a scroll of identify
 F - a scroll of summoning
Potions
 b - 2 potions of magic
 j - a potion of haste
 k - 4 potions of lignification
 m - 2 potions of flight
 r - 3 potions of brilliance
 v - a potion of curing
 x - a potion of mutation
 B - 2 potions of cancellation


   Skills:
 + Level 13.9 Fighting
 + Level 14.7 Axes
 + Level 12.8 Armour
 + Level 12.8 Shields


You had 12 spell levels left.
You didn't know any spells.
Your spell library contained the following spells:

 Spells                   Type           Power      Damage    Failure   Level
 Sting                    Tmut/Pois      0%         1d3       100%        1
 Blink                    Tloc           0%         N/A       100%        2
 Cigotuvi's Dreadful Rot  Necr/Pois/Air  0%         N/A       100%        2
 Momentum Strike          Conj/Tloc      0%         3d8       100%        2
 Poisonous Vapours        Pois/Air       0%         N/A       100%        2
 Frozen Ramparts          Ice            0%         1d1       100%        3
 Ignite Poison            Fire/Tmut/Pois 0%         N/A       100%        3
 Lesser Beckoning         Tloc           0%         N/A       100%        3
 Ozocubu's Armour         Ice            0%         N/A       100%        3
 Dispel Undead            Necr           0%         3d6       100%        4
 Ice Form                 Ice/Tmut       0%         N/A       100%        4
 Olgreb's Toxic Radiance  Pois           0%         N/A       100%        4
 Sticky Flame             Conj/Fire      0%         2d3       100%        4
 Summon Ice Beast         Ice/Summ       0%         N/A       100%        4
 Death Channel            Necr           0%         N/A       100%        6
 Ozocubu's Refrigeration  Ice            0%         4d7       100%        7
 Ignition                 Fire           0%         3d3       100%        8


Dungeon Overview and Level Annotations

Branches:
Dungeon (12/15)            Temple (1/1) D:5            Lair (0/5) D:9
    Orc (2/2) D:12         Bailey (visited)         Gauntlet (visited)
    Elf: Orc:2

Altars:
Ashenzari
Cheibriados
Dithmenos
Elyvilon
Fedhas
Gozag
Hepliaklqana
Kikubaaqudgha
Makhleb
Nemelex Xobeh
Okawaru
Qazlal
Ru
Sif Muna
Trog
Uskayaw
Vehumet
Wu Jian
Xom
Yredelemnul
Zin
The Shining One

Shops:
D:3 (   D:6 ?   D:9 ?   Orc:1 [

Annotations:
D:11 3 runed translucent doors, zishaf's ghost, novice DgWn
Orc:2 Sonja


Innate Abilities, Weirdness & Mutations

[You sometimes lose your temper in combat.]
[You are very clumsy. (Dex -4)]
[Your body sometimes deteriorates upon taking damage.]
[You are dopey. (Int -2)]
[You are frail. (-10% HP)]


Message History

The raiju bursts into living lightning!
The living lightning hits you!
* * * LOW HITPOINT WARNING * * *
The raiju blinks!
You block the raiju's attack. The raiju barely misses you.
The raiju bites you but does no damage.
You slash the raiju!
The raiju is almost dead.
You slash the raiju!
You feel better.
The raiju bursts into living lightning!
The living lightning hits you but does no damage.
The raiju blinks!
The raiju bites you but does no damage. x2
The raiju bursts into living lightning!
The living lightning hits you!
* * * LOW HITPOINT WARNING * * *
The raiju blinks!
You feel better.
The raiju bursts into living lightning!
The living lightning hits you.
* * * LOW HITPOINT WARNING * * *
The raiju blinks!
The raiju bursts into living lightning!
The living lightning hits you.
* * * LOW HITPOINT WARNING * * *
The raiju blinks!
Your magical effects are unravelling.
You feel magically purged.
You feel yourself speed up.
You feel your health improve. You block the raiju's attack. x2
The raiju bursts into living lightning!
The living lightning hits you.
* * * LOW HITPOINT WARNING * * *
The raiju blinks!
You hit the raiju.
You feel better.
The raiju is almost dead.
You slash the raiju!
You feel better.
The raiju bursts into living lightning!
The living lightning hits you!
You die...
Your body crumbles into a pile of gold.

. .. .. ##
#.##.. .###
...#..#... #
....#.#.# ..
##......#
###.#.....# . .
#.##...$### ...
..#.§.$..#.....
..#.h@.$..#
.#..##$h#..###
.#..
.##$#....## . #
...$......# .#.
......#... #.#
......## .§. .
.##.##.#.### ##
#. ..#.# #. ..
#


You could see 2 raiju.

Vanquished Creatures
  A bone dragon (Abyss:2)
  A minotaur (Gauntlet)
  A blizzard demon (Abyss:2)
  Josephine (D:11)
  A great orb of eyes (Gauntlet)
  Erica (D:11)
  2 boulder beetles (D:12)
  2 two-headed ogres (D:11)
  A hell hog (Abyss:2)
  A thrashing horror (Abyss:2)
  2 wretched stars (Abyss:2)
  A fire crab (Gauntlet)
  Pikel (D:9)
  2 orc knights (Bailey)
  A cyclops (D:11)
  2 ugly things
  A manticore (shapeshifter) (Gauntlet)
  A worldbinder (Abyss:2)
  A manticore (D:10)
  Joseph (D:7)
  A smoke demon (Abyss:2)
  An unseen horror (D:12)
  A gargoyle (D:12)
  An unseen horror (shapeshifter) (Gauntlet)
  Psyche (D:8)
  2 komodo dragons
  Maggie (D:7)
  A freezing wraith (D:12)
  3 trolls
  2 ancient zymes (Abyss:2)
  An ice devil (Abyss:2)
  3 slime creatures (D:12)
  4 blink frogs (Abyss:2)
  A snapping turtle (shapeshifter) (Gauntlet)
  2 small abominations (Abyss:2)
  A shadow (D:11)
  4 wraiths (D:11)
  11 yaks
  4 fire bats (Gauntlet)
  3 vampires
  A large abomination (Abyss:2)
  9 vampire mosquitoes
  3 steam dragons
  An acid dragon (D:10)
  2 water moccasins
  2 ice beasts (D:6)
  9 orc warriors
  A sky beast (D:8)
  Duvessa (D:7)
  An ogre (D:6)
  5 centaurs
  A lemure (D:9)
  5 bullfrogs
  2 gnoll sergeants
  A necrophage (D:6)
  5 scorpions
  4 wights (D:9)
  Dowan (D:7)
  9 killer bees (D:9)
  2 howler monkeys
  10 orc priests
  A gnoll bouda (D:9)
  4 hounds
  3 iron imps (D:3)
  2 jellies
  4 iguanas
  9 orc wizards
  16 gnolls
  2 adders
  A shadow imp (D:8)
  3 white imps
  An ufetubus (D:6)
  9 worms
  45 orcs
  9 bats
  10 endoplasms
  2 goblins
  3 hobgoblins
  11 jackals
  4 quokkas
  5 ball pythons
  2 frilled lizards
  8 kobolds
  2 rats (D:3)
304 creatures vanquished.

Vanquished Creatures (others)
  A blink frog (Abyss:2)
  39 demonic plants (Gauntlet)
  3 fungi (D:11)
  A plant (D:11)
44 creatures vanquished.

Grand Total: 348 creatures vanquished

Notes
Turn   | Place    | Note
-------+----------+-------------------------------------------
     0 | D:1      | p00ps00p the Hill Orc Fighter began the quest for the Orb.
     0 | D:1      | Reached XP level 1. HP: 19/19 MP: 1/1
   339 | D:1      | Reached XP level 2. HP: 26/27 MP: 2/2
   367 | D:1      | Reached skill level 3 in Axes
  1036 | D:2      | Found a faded altar of an unknown god.
  1143 | D:2      | Reached XP level 3. HP: 33/33 MP: 3/3
  1434 | D:3      | Identified a scroll of acquirement
  1434 | D:3      | Acquired a +5 broad axe of flaming
  1527 | D:3      | Reached XP level 4. HP: 39/41 MP: 4/4
  1540 | D:3      | Reached skill level 4 in Axes
  1580 | D:3      | Reached XP level 5. HP: 47/47 MP: 5/5
  1641 | D:3      | Found Ovash's Weapon Boutique.
  1814 | D:3      | Found a burning altar of Makhleb.
  1963 | D:3      | Reached skill level 5 in Fighting
  1963 | D:3      | Reached XP level 6. HP: 55/56 MP: 6/6
  2499 | D:4      | Reached skill level 5 in Axes
  2646 | D:4      | Reached skill level 5 in Shields
  2754 | D:5      | Entered Level 5 of the Dungeon
  2816 | D:5      | Reached skill level 5 in Armour
  2916 | D:6      | Reached XP level 7. HP: 23/61 MP: 7/7
  3400 | D:5      | Found a staircase to the Ecumenical Temple.
  3427 | D:5      | Reached skill level 6 in Axes
  3437 | Temple   | Entered the Ecumenical Temple
  3684 | Temple   | Became a worshipper of Gozag Ym Sagoz the Greedy
  3932 | D:6      | Reached XP level 8. HP: 54/71 MP: 8/8
  4032 | D:6      | Found Xiqu's Magic Scroll Shop.
  4042 | D:6      | Bought a scroll of enchant armour for 97 gold pieces
  4042 | D:6      | Bought a scroll of teleportation for 39 gold pieces
  4042 | D:6      | Bought a scroll of teleportation for 39 gold pieces
  4275 | D:6      | Reached skill level 7 in Axes
  5154 | D:7      | Reached XP level 9. HP: 54/79 MP: 9/9
  5215 | D:7      | Found a flagged portal.
  5225 | Bailey   | Entered a bailey
  5364 | Bailey   | Noticed an orc knight
  5391 | Bailey   | Reached skill level 8 in Axes
  5408 | Bailey   | Killed an orc knight
  5730 | Bailey   | Noticed an orc knight
  6058 | Bailey   | Killed an orc knight
  6059 | Bailey   | Reached skill level 9 in Axes
  6073 | Bailey   | Identified the +2 helmet "Qaplug" {-Cast rF+ Stlth+}
  6311 | D:7      | Noticed Dowan
  6313 | D:7      | Noticed Duvessa
  6321 | D:7      | Killed Dowan
  6327 | D:7      | Killed Duvessa
  6328 | D:7      | Reached XP level 10. HP: 89/91 MP: 10/10
  6443 | D:7      | Found a shadowy altar of Dithmenos.
  6583 | D:7      | Noticed Maggie
  6606 | D:7      | Killed Maggie
  6716 | D:7      | Noticed Joseph
  6736 | D:7      | Killed Joseph
  6907 | D:8      | Reached skill level 10 in Axes
  7199 | D:8      | Noticed Psyche
  7203 | D:8      | Paralysed by Psyche for 3 turns
  7218 | D:8      | Killed Psyche
  8192 | D:9      | Found a staircase to the Lair.
  8248 | D:9      | Noticed Pikel
  8254 | D:9      | Killed Pikel
  8255 | D:9      | Reached skill level 10 in Fighting
  8784 | D:9      | Identified the +2 ring mail of Lilacs {SInv}
  9229 | D:9      | Reached XP level 11. HP: 101/101 MP: 11/11
  9415 | D:10     | Entered Level 10 of the Dungeon
  9422 | D:10     | Reached skill level 11 in Axes
  9570 | D:10     | Noticed a manticore
 10118 | D:10     | Killed a manticore
 10119 | D:10     | Reached skill level 10 in Armour
 10119 | D:10     | Reached skill level 10 in Shields
 10246 | D:10     | Found a broken altar of Ashenzari.
 10261 | D:10     | Found an iron altar of Okawaru.
 10338 | D:11     | Noticed a two-headed ogre
 10350 | D:11     | Killed a two-headed ogre
 10436 | D:11     | Reached skill level 12 in Axes
 10442 | D:11     | Noticed a two-headed ogre
 10450 | D:11     | Killed a two-headed ogre
 10615 | D:11     | Noticed a cyclops
 10634 | D:11     | Killed a cyclops
 10729 | D:11     | Noticed Erica
 10733 | D:11     | Noticed a cyan ugly thing
 10750 | D:11     | Killed a cyan ugly thing
 10768 | D:11     | Killed Erica
 10769 | D:11     | Reached XP level 12. HP: 62/112 MP: 12/12
 10940 | D:11     | Found a runed translucent gate.
 10940 | D:11     | Found a runed translucent gate.
 10940 | D:11     | Found a runed translucent gate.
 10943 | D:11     | Noticed zishaf's ghost (novice DgWn)
 11073 | D:11     | Noticed Josephine
 11087 | D:11     | Killed Josephine
 11737 | D:12     | Reached skill level 13 in Axes
 11750 | D:12     | Found a gate leading to a gauntlet.
 11773 | Gauntlet | Entered a Gauntlet
 11773 | Gauntlet | Found a transporter.
 11773 | Gauntlet | Found a transporter.
 11773 | Gauntlet | Found a transporter.
 11776 | Gauntlet | Noticed a tengu warrior
 11798 | Gauntlet | Found a transporter.
 11798 | Gauntlet | Found a transporter.
 11799 | Gauntlet | Found a transporter.
 11854 | Gauntlet | an eye of devastation changed into a shock serpent
 11854 | Gauntlet | Noticed a shock serpent (shapeshifter)
 11870 | Gauntlet | a shock serpent changed into a floating eye
 11913 | Gauntlet | Found a transporter.
 11914 | Gauntlet | Found a transporter.
 11915 | Gauntlet | Noticed a great orb of eyes
 11919 | Gauntlet | Noticed a hell hog
 11929 | Gauntlet | Found a transporter.
 11930 | Gauntlet | Found a transporter.
 11947 | Gauntlet | Found a transporter.
 11951 | Gauntlet | Found a transporter.
 12003 | Gauntlet | an orb spider changed into an anaconda
 12003 | Gauntlet | Noticed an anaconda (shapeshifter)
 12018 | Gauntlet | an anaconda changed into a two-headed ogre
 12018 | Gauntlet | Noticed a two-headed ogre (shapeshifter)
 12019 | Gauntlet | a two-headed ogre changed into a floating eye
 12436 | Gauntlet | Identified the ring "Wirghy" {rF++ Str+3 Dex+6}
 12456 | Gauntlet | Identified the +1 pair of gloves of the Doomed God {rF+
                  | Regen+ MP+9}
 12477 | Gauntlet | Paralysed by a great orb of eyes for 4 turns
 12485 | Gauntlet | Killed a great orb of eyes
 12665 | Gauntlet | Noticed a minotaur
 12676 | Gauntlet | Killed a minotaur
 12687 | Gauntlet | Identified the +2 chain mail of the Fuzzy God {Stlth+}
 12881 | D:12     | Noticed a boulder beetle
 12908 | D:12     | Killed a boulder beetle
 13192 | D:12     | Found a staircase to the Orcish Mines.
 13194 | D:12     | Noticed a boulder beetle
 13209 | D:12     | Killed a boulder beetle
 13683 | Orc:1    | Entered Level 1 of the Orcish Mines
 13707 | Orc:1    | Reached skill level 14 in Axes
 13746 | Orc:1    | Found Ipnawn Ottau's Antique Armour Shop.
 13764 | Orc:1    | Bought a shimmering plate armour for 700 gold pieces
 13764 | Orc:1    | Identified the +8 plate armour of Koskast {Int+5} (You
                  | bought it in a shop on level 1 of the Orcish Mines)
 13839 | Orc:2    | Entered Level 2 of the Orcish Mines
 13847 | Orc:2    | Noticed Sonja
 13858 | Abyss:2  | Cast into level 2 of the Abyss (Sonja)
 13868 | Abyss:2  | Found a corrupted altar of Lugonu.
 13920 | Abyss:2  | Noticed a bone dragon
 13936 | Abyss:2  | Noticed a blizzard demon
 13940 | Abyss:2  | Reached XP level 13. HP: 78/122 MP: 13/13
 13951 | Abyss:2  | Killed a bone dragon
 13958 | Abyss:2  | Killed a blizzard demon
 14251 | Abyss:2  | HP: 5/110 [raiju/living lightning (6)]
 14253 | Abyss:2  | Killed from afar by a raiju

Illustrated notes

Levels and vault maps discovered:
D:1:      roderic_octagonal_star, layout_loops_ring,
          amcnicky_mini_corridor_feature
D:2:      layout_loops_cross, ebering_ecumenical_altar_sacrificial,
          chequers_serial_rivers_micro_b
D:3:      layout_rooms, demons_altar, serial_shops, nicolae_lakefront_shop,
          bh_walls_and_bars
D:4:      layout_basic, sigmund_army
D:5:      layout_rooms, minmay_temple_entry_drinking_statues, nicolae_wormholes
D:6:      minmay_skewed_foursquare, layout_loops_ring, serial_shops,
          nicolae_lakefront_shop, kennysheep_doodads
D:7:      layout_basic, kennysheep_mini, enter_bailey_8, uniq_maggie,
          uniq_joseph, uniq_duvessa
D:8:      layout_layer_cave, chequers_serial_rivers_marsh, uniq_psyche
D:9:      layout_gridville, lair_entry_dummy, uniq_pikel
D:10:     layout_rooms, mainiacjoe_overflow_swirl
D:11:     layout_irregular_city, gammafunk_ghost_nasty_kobolds, uniq_erica,
          uniq_josephine
D:12:     layout_stronghold, orc_0_dummy, gauntlet_entry_generic
Temple:   dpeg_five_rooms_temple
Orc:1:    lemuel_ogre_cave, layout_caves, serial_shops,
          nicolae_shop_window_shopping, ebering_ghost_inner_flame, basic_altar,
          uniq_snorg
Orc:2:    pf_orc_diabolical, layout_diamond_mine, basic_altar, uniq_sonja
Abyss:2:  base:
D:12

Skill      XL: |  1  2  3  4  5  6  7  8  9 10 11 12 |
---------------+-------------------------------------+-----
Axes           | 3 4 5 6 7 9 10 12 14 | 14.7
Fighting       | 4 5 6 7 9 10 11 13 | 13.9
Shields        | 4 5 7 8 9 11 12 | 12.8
Armour         | 4 5 6 8 9 11 12 | 12.8

Action                   |  1- 3 |  4- 6 |  7- 9 | 10-12 | 13-15 || total
-------------------------+-------+-------+-------+-------+-------++-------
Melee: War axe           |   106 |       |       |       |       ||   106
       Broad axe         |    14 |   126 |   223 |   556 |    90 ||  1009
Invok: Call Merchant     |       |       |       |     1 |       ||     1
Evoke: Wand              |       |       |       |     4 |       ||     4
  Use: Scroll            |     4 |     9 |     8 |    13 |       ||    34
       Potion            |       |     3 |     1 |     9 |     4 ||    17
 Stab: Distracted        |       |       |     1 |     1 |     3 ||     5
       Invisible         |       |       |       |     3 |       ||     3
Armor: Scale mail        |     9 |       |       |       |       ||     9
       Chain mail        |    77 |    83 |   145 |     3 |       ||   308
       Crystal plate arm |       |       |       |   590 |    61 ||   651
Dodge: Dodged            |    45 |    44 |    82 |    95 |    12 ||   278
Block: Buckler           |    33 |    29 |     2 |       |       ||    64
       Kite shield       |       |       |   118 |   336 |    42 ||   496

Table legend: (Time is in decaauts)
 A = Elapsed time spent in this place.
 B = Non-inter-level travel time spent in this place.
 C = Inter-level travel time spent in this place.
 D = Time resting spent in this place.
 E = Time spent auto-exploring this place.
 F = Levels seen in this place.
 G = Mean time per level.
                   A        B        C        D        E       F      G
               +--------+--------+--------+--------+--------+-----+--------+
         Total |  14514 |  14057 |    457 |   2407 |   7859 |  18 |  806.3 |
       Dungeon |  11579 |  11221 |    358 |   1513 |   7197 |  12 |  964.9 |
        Temple |    299 |    212 |     87 |      0 |    200 |   1 |  299.0 |
  Orcish Mines |    162 |    150 |     12 |      0 |    120 |   2 |   81.0 |
         Abyss |    382 |    382 |      0 |     49 |     14 |   1 |  382.0 |
        Bailey |   1100 |   1100 |      0 |    522 |     41 |   1 | 1100.0 |
      Gauntlet |    989 |    989 |      0 |    322 |    286 |   1 |  989.0 |
               +--------+--------+--------+--------+--------+-----+--------+

Top non-repeatable levels by time:
     D:6: 1468 daAuts
     D:8: 1366 daAuts
    D:11: 1244 daAuts
     D:9: 1239 daAuts
    D:12: 1127 daAuts
  Bailey: 1100 daAuts
Gauntlet: 989 daAuts
    D:10: 935 daAuts
     D:3: 776 daAuts
     D:1: 772 daAuts
     D:7: 688 daAuts
     D:4: 670 daAuts
     D:5: 668 daAuts
     D:2: 621 daAuts
 Abyss:2: 382 daAuts
